 Dungeon Crawl Stone Soup version 0.31-a0-700-gf13585253f (webtiles) character file.

Game seed: 751438556517158936

314 qw the Shooter (level 6, -5/38 HPs)
             Began as a Gargoyle Hunter on Sept 7, 2023.
             Slain by a black bear (8 damage)
             ... on level 5 of the Dungeon.
             The game lasted 00:01:02 (3168 turns).

qw the Shooter (Gargoyle Hunter)                    Turns: 3168, Time: 00:01:03

Health: -5/38      AC:  9    Str: 15    XL:     6   Next: 43%
Magic:  6/6        EV: 11    Int:  9    God:
Gold:   249        SH:  0    Dex: 15    Spells: 5/5 levels left

rFire   . . .        Y - +3 sling (freeze)
rCold   . . .        (no shield)
rNeg    + . .        b - +0 ring mail
rPois   inf          (no helmet)
rElec   +            (no cloak)
rCorr   .            (no gloves)
SInv    .            (no boots)
Will    .....        (no amulet)
Stlth   +            (no ring)
HPRegen 0.26/turn    (no ring)
MPRegen 0.10/turn

%: no passive effects
@: about to teleport
A: sickness immunity, AC +4, negative energy resistance 1, electricity
resistance, torment resistance 1, petrification resistance
a: no special abilities


You were on level 5 of the Dungeon.
You visited 1 branch of the dungeon, and saw 5 of its levels.

You collected 249 gold pieces.


Innate Abilities, Weirdness & Mutations

You are immune to sickness and miasma.
Your stone body is resilient. (AC +4)
You are immune to poison.
You resist negative energy. (rN+)
You are resistant to electric shocks. (rElec)
You are resistant to unholy torment.
You are immune to petrification.


   Skills:
 - Level 4.0 Fighting
 + Level 6.6 Ranged Weapons
 - Level 1.1 Armour
 - Level 1.5 Dodging
 - Level 1.1 Stealth


You had 5 spell levels left.
You didn't know any spells.
Your spell library was empty.

Inventory:

Hand Weapons
 Y - a +3 sling of freezing (weapon)
Armour
 b - a +0 ring mail (worn)
Scrolls
 c - 2 scrolls of teleportation
 e - a scroll of identify
 g - a scroll of enchant armour
 j - a scroll of torment {unknown}
 k - a scroll of blinking {unknown}
Potions
 a - a potion of mutation
 d - a potion of resistance
 f - a potion of cancellation {unknown}
 h - 4 potions of curing
 i - 2 potions of heal wounds
 l - 2 potions of enlightenment {unknown}

Dungeon Overview and Level Annotations

Branches:
Dungeon (5/15)
 Temple: D:4-7

Altars:
Fedhas
Kikubaaqudgha
Makhleb
Qazlal


Message History

You shoot a sling bullet.
The sling bullet barely misses the black bear.
You shoot a sling bullet. The sling bullet hits the black bear!
The sling bullet freezes the black bear.
The black bear is severely wounded.
The black bear goes berserk!
You shoot a sling bullet.
The sling bullet closely misses the black bear.
The black bear bites you. The black bear barely misses you.
The black bear claws you.
You shoot a sling bullet. The sling bullet hits the black bear.
The sling bullet freezes the black bear.
The black bear is severely wounded.
The black bear bites you. The black bear claws you.
The black bear claws you but does no damage.
The black bear closely misses you.
The black bear claws you but does no damage. x2
You shoot a sling bullet. The sling bullet hits the black bear.
The sling bullet freezes the black bear.
The black bear is almost dead.
The black bear bites you but does no damage.
The black bear claws you but does no damage. x2
You shoot a sling bullet.
The sling bullet closely misses the black bear.
The black bear bites you.
The black bear claws you but does no damage.
The black bear claws you. The black bear closely misses you.
The black bear claws you but does no damage.
The black bear claws you.
You shoot a sling bullet. The sling bullet hits the black bear.
The sling bullet freezes the black bear.
The black bear is almost dead.
The black bear bites you! The black bear completely misses you.
The black bear claws you. The black bear closely misses you.
The black bear claws you. The black bear closely misses you.
3168 ||| READING 3 scrolls of teleportation.
As you read the scroll of teleportation, it crumbles to dust.
You feel strangely unstable. The black bear bites you!
You die...

##..## ##..
........
##..##
####...
...##.
##..###....#
..# #.
##........#
## #.
#.........#
##
#...###.....#
# #...##
##...[## ..##
##....# #
##.@## #.h.#
##....
##.....
#..### ...
.... .....


You could see a black bear (berserk).

Vanquished Creatures
  An ice beast (D:4)
  A sleepcap (D:5)
  Terence (D:2)
  4 gnolls (D:5)
  6 adders
  3 worms
  A dart slug (D:4)
  An orc (D:5)
  3 bats
  5 endoplasms
  3 giant cockroaches
  7 goblins
  5 hobgoblins
  7 jackals (D:1)
  10 kobolds
  A quokka (D:3)
  4 ball pythons
  5 frilled lizards
  5 rats
73 creatures vanquished.

Notes
Turn   | Place    | Note
-------+----------+-------------------------------------------
     0 | D:1      | qw the Gargoyle Hunter began the quest for the Orb.
     0 | D:1      | Reached XP level 1. HP: 12/12 MP: 1/1
     0 | D:1      | 0 ||| qw: Version: 0.3-a-76-g4403597
     0 | D:1      | 0 ||| qw: Game counter: 524
     0 | D:1      | 0 ||| qw: Melee chars always use a shield: true
     0 | D:1      | 0 ||| qw: God list: Okawaru
     0 | D:1      | 0 ||| qw: Allow faded altars: false
     0 | D:1      | 0 ||| qw: Do Orc after clearing Dungeon:15 true
     0 | D:1      | 0 ||| qw: Do second Lair branch before Depths: true
     0 | D:1      | 0 ||| qw: Lair rune preference: random
     0 | D:1      | 0 ||| qw: Goals: Normal
     0 | D:1      | 0 ||| PLANNING D:1-11
    31 | D:1      | Found a faded altar of an unknown god.
   100 | D:1      | Reached XP level 2. HP: 17/17 MP: 2/2
   444 | D:1      | Reached XP level 3. HP: 21/21 MP: 3/3
   451 | D:1      | Reached skill level 5 in Ranged Weapons
   670 | D:1      | 670 ||| READING scroll labelled PIMEUDD FOOM.
   671 | D:1      | 671 ||| READING 3 scrolls labelled VIMIGARPHUCWO.
   672 | D:1      | 672 ||| READING scroll labelled YLIGECW AMOBE.
   672 | D:1      | Identified a scroll of acquirement
   672 | D:1      | 672 ||| ACQUIRING +3 sling of electrocution
   672 | D:1      | Acquired a +3 sling of electrocution
   674 | D:1      | 674 ||| SWAPPING to +3 sling of electrocution.
   675 | D:1      | 675 ||| DROPPING +0 shortbow.
   676 | D:1      | 676 ||| READING scroll labelled QIMILO KEEBAPT.
   677 | D:1      | 677 ||| DRINKING 3 yellow potions.
   678 | D:1      | 678 ||| READING 2 scrolls of identify.
   678 | D:1      | 678 ||| IDENTIFYING glowing sapphire potion
   679 | D:1      | 679 ||| DROPPING scroll of butterflies.
   680 | D:1      | 680 ||| DROPPING potion of degeneration.
   954 | D:2      | Noticed Terence
   955 | D:2      | Killed Terence
   956 | D:2      | Reached skill level 3 in Fighting
   956 | D:2      | Reached XP level 4. HP: 28/28 MP: 4/4
  1514 | D:2      | 1514 ||| UPGRADING to +0 ring mail.
  1524 | D:2      | 1524 ||| DROPPING +0 leather armour.
  1525 | D:2      | 1525 ||| READING scroll labelled ANGIAS RYOXAA.
  1526 | D:2      | 1526 ||| READING scroll labelled VERIEG JUEXKY.
  1527 | D:2      | 1527 ||| READING 3 scrolls of identify.
  1527 | D:2      | 1527 ||| IDENTIFYING glowing red potion
  1528 | D:2      | 1528 ||| READING 2 scrolls of identify.
  1528 | D:2      | 1528 ||| IDENTIFYING grey potion
  1641 | D:3      | 1641 ||| READING scroll of brand weapon.
  1641 | D:3      | 1641 ||| BRANDING +3 sling of draining.
  1862 | D:3      | Found a blossoming altar of Fedhas.
  1869 | D:3      | Found a stormy altar of Qazlal.
  1898 | D:3      | Reached skill level 1 in Armour
  2166 | D:3      | Reached XP level 5. HP: 30/32 MP: 5/5
  2360 | D:3      | 2360 ||| READING 3 scrolls labelled LIKALINETO.
  2364 | D:3      | 2364 ||| READING scroll labelled MYCUWINK KEUXE.
  2365 | D:3      | 2365 ||| READING scroll labelled SUREFURYAST.
  2366 | D:3      | 2366 ||| READING scroll labelled VAMAIM IDWEMA.
  2367 | D:3      | 2367 ||| READING 3 scrolls of identify.
  2367 | D:3      | 2367 ||| IDENTIFYING puce potion
  2368 | D:3      | 2368 ||| READING 2 scrolls of identify.
  2368 | D:3      | 2368 ||| IDENTIFYING murky ruby potion
  2369 | D:3      | 2369 ||| DROPPING potion of invisibility.
  2450 | D:4      | Noticed an ice beast
  2457 | D:4      | Killed an ice beast
  2458 | D:4      | Reached skill level 6 in Ranged Weapons
  2518 | D:4      | Reached XP level 6. HP: 37/37 MP: 6/6
  2897 | D:5      | Entered Level 5 of the Dungeon
  2909 | D:5      | Found an ancient bone altar of Kikubaaqudgha.
  2922 | D:5      | Found a burning altar of Makhleb.
  2963 | D:5      | 2963 ||| Stepping ~*~*~tactically~*~*~ (outnumbered).
  3158 | D:5      | Noticed a black bear
  3167 | D:5      | HP: 8/38 [black bear (7)]
  3167 | D:5      | HP: 3/38 [black bear (4)]
  3168 | D:5      | 3168 ||| READING 3 scrolls of teleportation.
  3168 | D:5      | Slain by a black bear

Levels and vault maps discovered:
D:1:      tarquinn_simple_flora_water_a, layout_basic, basic_ecumenical_altar
D:2:      layout_basic, uniq_terence
D:3:      layout_basic, grunt_temple_overflow_forces_of_nature
D:4:      layout_basic, minivault_24, chequers_avenue
D:5:      layout_cave_pods, grunt_temple_overflow_open,
          nicolae_overflow_two_pavilions, mainiacjoe_overflow_large_starburst

Skill      XL: |  1  2  3  4  5  6 |
---------------+-------------------+-----
Ranged Weapons | 5 6 |  6.6
Fighting       | 3 4 |  4.0
Armour         | 1 |  1.1
Dodging        | |  1.5
Stealth        | |  1.1

Action                     |  1- 3 |  4- 6 || total
---------------------------+-------+-------++-------
   Fire: Shortbow          |    55 |       ||    55
         Sling             |    27 |   140 ||   167
    Use: Scroll            |     5 |    12 ||    17
         Potion            |     1 |       ||     1
 Armour: Leather armour    |    11 |     8 ||    19
         Ring mail         |       |    57 ||    57
  Dodge: Dodged            |    14 |    43 ||    57

Table legend:
 A = Non-vault XP
 B = Vault XP
 C = Vault XP percentage of total XP
 D = Non-vault monster count
 E = Vault monster count
 F = Vault count percentage of total count
                 A         B        C        D         E       F
            +---------+---------+-------+---------+---------+-------
      Total |     417 |      32 |   7.1 |      72 |       1 |   1.4
            +---------+---------+-------+---------+---------+-------
        D:1 |      41 |       0 |   0.0 |      23 |       0 |   0.0
        D:2 |      66 |      32 |  32.7 |      24 |       1 |   4.0
        D:3 |      29 |       0 |   0.0 |       9 |       0 |   0.0
        D:4 |     172 |       0 |   0.0 |       9 |       0 |   0.0
        D:5 |     109 |       0 |   0.0 |       7 |       0 |   0.0
            +---------+---------+-------+---------+---------+-------
